Wren, chaotic male elven Priest ------------ |..........| ...........| |<.........| #------------- |..........| #@%.....i...`| |..........| #|.%...%.....| --.--------- |...-----...| # |...| |...-#### # |..`| |`..| # |...| |...| # |...- ---...| # |.....`....%| ## |`.........`-###############-%-------------- ------------- #......^.....[..| |..............| ###############%#-..............| ---------------- Wren the Acolyte Experience level: 4 Strength: 12 Dexterity: 13 Constitution: 16 Intelligence: 8 Wisdom: 20 Charisma: 11 Health: 0(31) Energy: 57(57) Def: 5 Gold: 147 Moves: 1965 Dungeon seed: w-NrXvGZ4gxDWE_U Game ID: Wren_1614362617 Your Inventory: Coins $ - 147 gold pieces Weapons a - a blessed +2 mace (weapon in hand) Armor e - a +1 robe (being worn) n - a blessed +0 small shield (being worn) r - a +0 pair of kicking boots (being worn) Comestibles c - a clove of garlic d - a sprig of wolfsbane l - a tripe ration Scrolls C - a scroll of teleportation Spellbooks f - a spellbook of cure blindness g - a spellbook of protection Potions b - 2 potions of holy water w - a cursed potion of sleeping Rings v - a ring of free action (on left hand) Wands j - a wand of fire (0:4) Tools h - a bugle i - a magic lamp q - a leash Spells and supernatural/magical abilities: Name Level Category Fail Memory p - protection 1 clerical 0% 91% B - cure blindness 2 healing 14% 91% W - pray for help -- divine ? -- X - turn undead -- divine ? -- Your skills at the end: Fighting Skills Weapon Skills mace [Basic] Spellcasting Skills clerical spells [Basic] Final Attributes: You were piously aligned. You were sleep resistant. You had infravision. You had free action. You were lucky. You are dead. Vanquished creatures: 3 giant ants a kitten a kobold lord a giant bat an iguana an acid blob a gas spore a manes a giant rat 2 yellow molds 9 garter snakes 2 geckos 12 jackals 2 foxes 2 goblins 3 sewer rats 9 grid bugs 2 bats a lichen a kobold zombie 3 newts 59 creatures vanquished. Voluntary challenges: You had been an atheist until turn 1840. You used a wielded weapon 62 times, starting on turn 19. You read items or engraved 7 times, starting on turn 341. You never genocided any monsters. You never polymorphed an object. You never changed form. You used no wishes. You never split a pudding. You wrote Elbereth's name 1 time, starting on turn 341. You never violated your personal moral code. Dungeon overview: The Dungeons of Doom: levels 1 to 5 Level 1 some fountains a long staircase Level 2 a long staircase Level 3 a fountain Level 4 a scroll shop, a fountain, a sink Level 5 <- You were here History has recorded: On T:1 you entered the Dungeons of Doom to retrieve the Amulet of Yendor! On T:466 you reached level 2 of The Dungeons of Doom. On T:479 you advanced to experience level 2. On T:767 you reached level 3 of The Dungeons of Doom. On T:1013 you advanced to experience level 3. On T:1215 you reached level 4 of The Dungeons of Doom. On T:1429 you advanced to experience level 4. On T:1705 you reached level 5 of The Dungeons of Doom. Score breakdown: Gold: 147 ( 7382 points) Experience: 4 levels ( 9649 points) Exploration: 5 levels ( 10.20%) ( 8660 points) Discoveries: 13 items ( 4.53%) ( 6384 points) Valuables value: (no points given unless you survive) Artifact value: 0 ( 0 points) Variety of kills: 21 monsters ( 5.51%) ( 7043 points) Turncount: 1965 turns ( 0 points) Survival: died (score multiplied by 80%) Total score: 31294 Latest messages: The garter snake just misses! You kill the garter snake! The garter snake bites! (2x) There are a few objects here. You kill the garter snake! (2x) A garter snake was hidden under a garter snake corpse! The garter snake bites! You kill the garter snake! You miss the giant ant. The giant ant just misses! You kill the giant ant! The garter snake bites! You see here a giant ant corpse. There are a few objects here. The garter snake bites! You miss the garter snake. The garter snake bites! You feel more confident in your weapon skills. You kill the garter snake! There is an open door here. You see here 3 garter snake corpses. You kill the garter snake! You kill the gas spore! You destroy the manes! You kill the fox! You are caught in the gas spore's explosion! Final status: Goodbye Wren the Priest, killed by a gas spore's explosion... You died in The Dungeons of Doom on dungeon level 5 with 31294 points, and 147 pieces of gold, after 1965 moves. You were level 4 with a maximum of 31 hit points when you died.